 Dungeon Crawl Stone Soup version 0.24.0-1-gfbc8707122 (webtiles) character file.

Game seed: 16601704513103113367, levelgen mode: deterministic

133 Mrkan the Shield-Bearer (level 4, -9/42 HPs)
             Began as a Deep Dwarf Fighter on Oct 26, 2019.
             Engulfed by a cloud of freezing vapour (24 damage)
             ... on level 3 of the Dungeon on Oct 27, 2019.
             The game lasted 00:03:53 (1428 turns).

Mrkan the Shield-Bearer (Deep Dwarf Fighter)        Turns: 1428, Time: 00:03:53

Health: -9/42      AC:  8    Str: 20    XL:     4   Next: 94%
Magic:  4/4        EV:  8    Int:  9    God:
Gold:   108        SH:  9    Dex: 12    Spells: 3/3 levels left

rFire    . . .     SeeInvis .   a - +0 war axe
rCold    . . .     Gourm    .   c - +0 shield
rNeg     . . .     Faith    .   b - +0 scale mail
rPois    .         Spirit   .   (no helmet)
rElec    .         Reflect  .   (no cloak)
rCorr    .         Harm     .   l - +0 pair of gloves
MR       .....                  (no boots)
Stlth    ..........             (no amulet)
HPRegen  0.00/turn              (no ring)
MPRegen  0.09/turn              (no ring)

@: non-regenerating
A: damage resistance, heal wounds, sense surroundings 1, no regeneration
a: Heal Wounds


You were on level 3 of the Dungeon.
You were not hungry.

You visited 1 branch of the dungeon, and saw 3 of its levels.

You collected 108 gold pieces.

Inventory:

Hand Weapons
 a - a +0 war axe (weapon)
Armour
 b - a +0 scale mail (worn)
 c - a +0 shield (worn)
 l - a +0 pair of gloves (worn)
Jewellery
 g - an uncursed ring of fire {unknown}
 m - a +3 ring of slaying {unknown}
Scrolls
 e - 8 scrolls of identify {unknown}
 j - 3 scrolls of teleportation {unknown}
 n - a scroll of random uselessness {unknown}
 p - a scroll of magic mapping {unknown}
Potions
 d - a potion of might
 h - a potion of cancellation {unknown}
 i - 2 potions of heal wounds {unknown}
 k - a potion of haste
 o - a potion of lignification {unknown}
Comestibles
 f - 9 rations


   Skills:
 + Level 3.2 Fighting
 * Level 3.7 Axes
 + Level 3.9 Armour
 + Level 1.8 Dodging
 + Level 4.0 Shields


You had 3 spell levels left.
You didn't know any spells.
Your spell library was empty.

Dungeon Overview and Level Annotations

Branches:
Dungeon (3/15)

Altars:

Annotations:
D:3 Jessica


Innate Abilities, Weirdness & Mutations

You are resistant to damage.
You can heal yourself by infusing magical energy.
You passively map a small area around you.
You do not regenerate.


Message History

Pain shoots through your body!
Jessica gestures wildly while chanting.
Jessica blinks!
Jessica casts a spell at you. Pain shoots through your body!
* * * LOW HITPOINT WARNING * * *
Jessica gestures wildly while chanting.
Jessica blinks!
You fail to use your ability.
You feel much better.
Really walk into that cloud of freezing vapour?
You are engulfed in freezing vapours.
Jessica hits you but does no damage.
There is an open door, spattered with blood here.
Things that are here:
a +1 leather armour of cold resistance; a wand of clouds (3)
You closely miss Jessica.
Jessica is almost dead.
You are engulfed in freezing vapours.
Ouch! That really hurt!
You die...

, * , ,
#.........
, *
#.........
* * ,
#......!..
,, ,
#....)....
#.........
, ,
#........$
#.☼@......
* ,
,##@####
,,
,#.°§○.# *
*#..§.§#
,*
**#..§§○#
* , * ,
#...§§# *
, ,
#.....#
*####### ,
** *


You could see Jessica.

Vanquished Creatures
  5 adders (D:2)
  An ooze (D:1)
  A worm (D:2)
  A dart slug (D:2)
  2 leopard geckos
  3 bats
  7 giant cockroaches
  9 goblins
  5 hobgoblins
  11 jackals
  4 kobolds
  4 frilled lizards
  3 rats
56 creatures vanquished.

Vanquished Creatures (others)
  Ijyb (D:3)
  An orc (D:3)
2 creatures vanquished.

Grand Total: 58 creatures vanquished

Notes
Turn   | Place    | Note
-------+----------+-------------------------------------------
     0 | D:1      | Mrkan the Deep Dwarf Fighter began the quest for the Orb.
     0 | D:1      | Reached XP level 1. HP: 20/20 MP: 1/1
   110 | D:1      | Reached XP level 2. HP: 25/27 MP: 2/2
   250 | D:1      | Reached skill level 1 in Dodging
   254 | D:1      | Reached XP level 3. HP: 30/33 MP: 3/3
   737 | D:2      | Reached XP level 4. HP: 28/42 MP: 4/4
  1401 | D:3      | Noticed Ijyb
  1401 | D:3      | Noticed Jessica
  1405 | D:3      | HP: 1/42 [Ijyb] (20)]
  1412 | D:3      | Killed Ijyb
  1412 | D:3      | Reached skill level 4 in Shields
  1422 | D:3      | HP: 2/42 [Jessica/nerve-wracking pain (11)]
  1428 | D:3      | Engulfed by a cloud of freezing vapour

Levels and vault maps discovered:
D:1:      lightli_arrival_statue_moat, layout_rooms, minmay_misc_feat_roman
D:2:      layout_basic, first_ration, nrook_loot_triangle, minmay_cupped
D:3:      layout_basic, minitemple, uniq_jessica, uniq_crazy_yiuf_cottage,
          uniq_ijyb, uniq_robin

Skill      XL: |  1  2  3  4 |
---------------+-------------+-----
Dodging        | 1 |  1.8
Axes           | 3 |  3.7
Fighting       | 3 |  3.2
Shields        | 4 |  4.0
Armour         | |  3.9

Action                   |  1- 3 |  4- 6 || total
-------------------------+-------+-------++-------
Melee: War axe           |    91 |    68 ||   159
 Abil: Heal Wounds       |       |     3 ||     3
  Eat: Chunk             |       |     2 ||     2
Armor: Scale mail        |    49 |    28 ||    77
Dodge: Dodged            |    35 |    19 ||    54
Block: Shield            |    49 |    26 ||    75
